cohdb
Replays
Latest Replays
All Replays
Popular Replays
Top Player Replays
Match Explorer
How It Works
Community
CoH3 Stats
Reddit
Sign in to upload your games and track your stats! →
Sign in with Steam
Match 43992721
Unlisted
Match 43992721
Overview
Messages
Build Orders
End
Pioneer Squad
Construct Infanterie Kompanie
Selects Breakthrough Battlegroup
Selects Assault Grenadiers
Grenadier Squad
Grenadier Squad
MG 42 Machine Gun Team
Construct Panzergrenadier Kompanie
Selects Breakthrough
251 Medium Carrier
Pak 40 Anti-tank Gun Team
Selects Mechanized Assault Group
Mechanized Assault Group
Breakthrough
Selects Rapid Production
Construct Panzer Kompanie
Pak 40 Anti-tank Gun Team
Breakthrough
Panzer IV Medium Tank
Selects Blitzkrieg
Panzer IV Medium Tank
Pioneer Squad
Selects Tiger Heavy Tank
Tiger Heavy Tank
Pioneer Squad
Pioneer Squad
Swan
Rei
0
0
Comments
sign in to comment!
No comments posted yet!